 Dungeon Crawl Stone Soup version 0.30-a0-6-g7c9e10e132 (webtiles) character file.

Game seed: 16404276396033939174

25 Flugkiller the Covered (level 2, -2/27 HPs)
             Began as a Minotaur Fighter on Aug 23, 2022.
             Slain by Sigmund
             ... wielding a +0 scythe
              (10 damage)
             ... on level 2 of the Dungeon.
             The game lasted 00:00:20 (843 turns).

Flugkiller the Covered (Minotaur Fighter)            Turns: 843, Time: 00:00:21

Health: -2/27      AC:  7    Str: 20    XL:     2   Next: 86%
Magic:  1/1        EV:  9    Int:  5    God:
Gold:   34         SH:  4    Dex:  9    Spells: 1/1 levels left

rFire   . . .      SeeInvis .    a - +0 war axe
rCold   . . .      Faith    .    c - +0 buckler
rNeg    . . .      Spirit   .    b - +0 scale mail
rPois   .          Reflect  .    (helmet restricted)
rElec   .          Harm     .    (no cloak)
rCorr   .          Rampage  .    (no gloves)
Will    .....                    (no boots)
Stlth   ..........               (no amulet)
HPRegen 0.09/turn                (no ring)
MPRegen 0.07/turn                (no ring)

@: no status effects
A: horns 2, retaliatory headbutt
a: no special abilities


You were on level 2 of the Dungeon.
You visited 1 branch of the dungeon, and saw 2 of its levels.

You collected 34 gold pieces.

Inventory:

Hand Weapons
 a - a +0 war axe (weapon)
Armour
 b - a +0 scale mail (worn)
 c - a +0 buckler (worn)
Scrolls
 f - 3 scrolls of poison {unknown}
 g - a scroll of identify {unknown}
 h - a scroll of fog {unknown}
 k - a scroll of noise {unknown}
 m - a scroll of vulnerability {unknown}
Potions
 d - a potion of might
 e - a potion of curing {unknown}
 i - a potion of lignification {unknown}
 j - a potion of ambrosia {unknown}
 l - 3 potions of heal wounds {unknown}


   Skills:
 + Level 4.0 Fighting
 * Level 3.4 Axes
 + Level 4.0 Armour
 - Level 3.6 Shields


You had one spell level left.
You didn't know any spells.
Your spell library was empty.

Dungeon Overview and Level Annotations

Branches:
Dungeon (2/15)

Altars:

Annotations:
D:2 Sigmund


Innate Abilities, Weirdness & Mutations

You have a pair of horns on your head.
You reflexively headbutt those who attack you in melee.


Message History

You see here a book of Air.
You now have 34 gold pieces (gained 8). 2 bats come into view.
There are monsters nearby!
There are monsters nearby!
Found 2 puce potions.
The bat hits you but does no damage. You block the bat's attack.
You barely miss the bat. Your headbutt misses the bat.
The bat hits you but does no damage. x2
You barely miss the bat. Your headbutt misses the bat. You slash the bat!
You kill the bat!
The bat closely misses you.
You barely miss the bat. You block the bat's attack.
The bat hits you but does no damage. x2
You closely miss the bat. The bat hits you but does no damage.
A ball python comes into view.
You miss the bat.
The ball python hisses angrily.
Your headbutt misses the bat. The bat hits you but does no damage. x2
The bat hits you but does no damage. The ball python closely misses you.
You furiously retaliate!
You headbutt the ball python!
You kill the ball python!
You see here a bat corpse.
You hit the bat but do no damage. Your headbutt misses the bat.
The bat hits you but does no damage.
You hit the bat.
You kill the bat!
You see here a ball python corpse.
Found a leather armour.
Found a stone staircase leading down.
l - 2 puce potions No target in view!
No target in view!
No target in view!
A bat comes into view.
A bat is nearby!
A bat is nearby!
A bat is nearby!
The bat hits you but does no damage.
There is a stone staircase leading down here.
The bat completely misses you. You furiously retaliate!
You headbutt the bat!
You kill the bat!
No target in view!
No target in view!
No target in view!
No target in view!
No target in view!
No target in view!
Found a club.
There is a stone staircase leading down here.
Found 4 poisoned darts.
There is a shaft here.
Found a robe.
m - a scroll labelled HORUPH ZEAGE
l - 3 puce potions (gained 1)
You see here a +0 robe.
You see here 4 boomerangs.
Sigmund the Dreaded comes into view.
He is wielding a +0 scythe.
Sigmund shouts!
Sigmund barely misses you.
A giant cockroach comes into view.
A rat comes into view.
You slash Sigmund!
Sigmund is moderately wounded.
Sigmund casts a spell at you.
You are confused.
Sigmund hits you with a +0 scythe.
You are too confused!
You are too confused!
You are too confused!
You are too confused!
You are too confused!
You are too confused!
You are too confused!
You are too confused!
You're too confused to move!
Sigmund misses you.
You're too confused to move!
The giant cockroach barely misses you. Sigmund casts a spell at you.
The magic dart hits you but does no damage.
Unknown command.
You bump into the rock wall.
The giant cockroach bites you. Sigmund hits you with a +0 scythe.
The giant cockroach bites you but does no damage.
You closely miss Sigmund.
Sigmund is moderately wounded.
You barely miss the giant cockroach. You barely miss the rat.
The rat closely misses you. The giant cockroach barely misses you.
Sigmund hits you with a +0 scythe!
* * * LOW HITPOINT WARNING * * *
The rat bites you but does no damage.
You are too injured to fight recklessly!
You closely miss Sigmund. Your headbutt misses Sigmund.
Sigmund is moderately wounded.
You slash the giant cockroach!
You kill the giant cockroach!
You slash the rat!
You kill the rat!
You feel less confused. Sigmund hits you with a +0 scythe!
You die...

#### #... #..# #..#
##.## #..# #...# #..# #
#...# #..#.##.# #...#
#####@.......
####...#####....@†..##..
..(...)....#.#####..#
.<...........# .....
...........### ..#..
##.#...#.### ..# .
#.#...#.# ## #.#...#.#
#)#...#.#


You could see Sigmund.

Vanquished Creatures
  3 dart slugs
  2 ball pythons
  2 giant cockroaches
  A goblin (D:2)
  4 jackals (D:1)
  4 bats
  3 kobolds (D:1)
  A rat (D:2)
20 creatures vanquished.

Vanquished Creatures (others)
  A plant (D:1)
1 creature vanquished.

Grand Total: 21 creatures vanquished

Notes
Turn   | Place    | Note
-------+----------+-------------------------------------------
     0 | D:1      | Flugkiller the Minotaur Fighter began the quest for the
                  | Orb.
     0 | D:1      | Reached XP level 1. HP: 19/19 MP: 0/0
   165 | D:1      | Reached XP level 2. HP: 27/27 MP: 1/1
   299 | D:1      | Found a faded altar of an unknown god.
   833 | D:2      | Noticed Sigmund
   843 | D:2      | Slain by Sigmund

Illustrated notes

Levels and vault maps discovered:
D:1:      scummos_arrival_star, layout_basic,
          shapermc_ecumenical_altar_totnotflames, serial_bayou_ford_a,
          feat_on_display
D:2:      layout_loops_cross, hangedman_decor_push, uniq_sigmund

Skill      XL: |  1  2 |
---------------+-------+-----
Axes           | 3 |  3.4
Fighting       | 4 |  4.0
Armour         | 4 |  4.0
Shields        | |  3.6

Action                   || total
-------------------------++-------
Melee: War axe           ||    46
       Headbutt          ||     3
Armor: Scale mail        ||    38
Dodge: Dodged            ||    22
Block: Buckler           ||    10

Table legend: (Time is in decaauts)
 A = Elapsed time spent in this place.
 B = Non-inter-level travel time spent in this place.
 C = Inter-level travel time spent in this place.
 D = Time resting spent in this place.
 E = Time spent auto-exploring this place.
 F = Levels seen in this place.
 G = Mean time per level.
                   A        B        C        D        E       F      G
               +--------+--------+--------+--------+--------+-----+--------+
         Total |    859 |    854 |      5 |      0 |    722 |   2 |  429.5 |
       Dungeon |    859 |    854 |      5 |      0 |    722 |   2 |  429.5 |
               +--------+--------+--------+--------+--------+-----+--------+

Top non-repeatable levels by time:
     D:1: 660 daAuts
     D:2: 198 daAuts
